Workbook

Sheet всего
A1: Основные показатели финансовой деятельности организации образования
A2: по состоянию на "1"апреля 2020 г.
A4: СВОД
A5: (наименование организации образования)
A7: Периодичность: ежеквартально
A9: Среднее образование | B9: ед. изм. | C9: 2020 год
C10: годовой план | D10: план на 2020 г | E10: факт
A11: 1. Среднегодовой контингент обучающиеся | B11: чел. | C11: =#REF!+#REF!+#REF!+#REF!+#REF!+#REF!+#REF!+#REF!+'Адыр ош'!C11+#REF!+#REF!+#REF!+#REF!+#REF!+#REF!+#REF!+#REF!+#REF!+#REF!+#REF!+#REF!+#REF!+#REF!+#REF!+#REF!+#REF!+#REF!+#REF!+#REF!+#REF!+#REF!+#REF!+#REF!+#REF!+#REF!+#REF! -> #REF! | D11: =#REF!+#REF!+#REF!+#REF!+#REF!+#REF!+#REF!+#REF!+'Адыр ош'!D11+#REF!+#REF!+#REF!+#REF!+#REF!+#REF!+#REF!+#REF!+#REF!+#REF!+#REF!+#REF!+#REF!+#REF!+#REF!+#REF!+#REF!+#REF!+#REF!+#REF!+#REF!+#REF!+#REF!+#REF!+#REF!+#REF!+#REF! -> #REF! | E11: =#REF!+#REF!+#REF!+#REF!+#REF!+#REF!+#REF!+#REF!+'Адыр ош'!E11+#REF!+#REF!+#REF!+#REF!+#REF!+#REF!+#REF!+#REF!+#REF!+#REF!+#REF!+#REF!+#REF!+#REF!+#REF!+#REF!+#REF!+#REF!+#REF!+#REF!+#REF!+#REF!+#REF!+#REF!+#REF!+#REF!+#REF! -> #REF!
A12: средний расход на 1-го обучающегося | B12: тыс. тенге | C12: =#REF!+#REF!+#REF!+#REF!+#REF!+#REF!+#REF!+#REF!+'Адыр ош'!C12+#REF!+#REF!+#REF!+#REF!+#REF!+#REF!+#REF!+#REF!+#REF!+#REF!+#REF!+#REF!+#REF!+#REF!+#REF!+#REF!+#REF!+#REF!+#REF!+#REF!+#REF!+#REF!+#REF!+#REF!+#REF!+#REF!+#REF! -> #REF! | D12: =#REF!+#REF!+#REF!+#REF!+#REF!+#REF!+#REF!+#REF!+'Адыр ош'!D12+#REF!+#REF!+#REF!+#REF!+#REF!+#REF!+#REF!+#REF!+#REF!+#REF!+#REF!+#REF!+#REF!+#REF!+#REF!+#REF!+#REF!+#REF!+#REF!+#REF!+#REF!+#REF!+#REF!+#REF!+#REF!+#REF!+#REF! -> #REF! | E12: =#REF!+#REF!+#REF!+#REF!+#REF!+#REF!+#REF!+#REF!+'Адыр ош'!E12+#REF!+#REF!+#REF!+#REF!+#REF!+#REF!+#REF!+#REF!+#REF!+#REF!+#REF!+#REF!+#REF!+#REF!+#REF!+#REF!+#REF!+#REF!+#REF!+#REF!+#REF!+#REF!+#REF!+#REF! -> #REF!
A13: 2. Всего расходы, тыс.тенге | B13: тыс. тенге | C13: =#REF!+#REF!+#REF!+#REF!+#REF!+#REF!+#REF!+#REF!+'Адыр ош'!C13+#REF!+#REF!+#REF!+#REF!+#REF!+#REF!+#REF!+#REF!+#REF!+#REF!+#REF!+#REF!+#REF!+#REF!+#REF!+#REF!+#REF!+#REF!+#REF!+#REF!+#REF!+#REF!+#REF!+#REF!+#REF!+#REF!+#REF! -> #REF! | D13: =#REF!+#REF!+#REF!+#REF!+#REF!+#REF!+#REF!+#REF!+'Адыр ош'!D13+#REF!+#REF!+#REF!+#REF!+#REF!+#REF!+#REF!+#REF!+#REF!+#REF!+#REF!+#REF!+#REF!+#REF!+#REF!+#REF!+#REF!+#REF!+#REF!+#REF!+#REF!+#REF!+#REF!+#REF!+#REF!+#REF!+#REF! -> #REF! | E13: =#REF!+#REF!+#REF!+#REF!+#REF!+#REF!+#REF!+#REF!+'Адыр ош'!E13+#REF!+#REF!+#REF!+#REF!+#REF!+#REF!+#REF!+#REF!+#REF!+#REF!+#REF!+#REF!+#REF!+#REF!+#REF!+#REF!+#REF!+#REF!+#REF!+#REF!+#REF!+#REF!+#REF!+#REF! -> #REF!
A14: в том числе: | C14: =#REF!+#REF!+#REF!+#REF!+#REF!+#REF!+#REF!+#REF!+'Адыр ош'!C14+#REF!+#REF!+#REF!+#REF!+#REF!+#REF!+#REF!+#REF!+#REF!+#REF!+#REF!+#REF!+#REF!+#REF!+#REF!+#REF!+#REF!+#REF!+#REF!+#REF!+#REF!+#REF!+#REF!+#REF!+#REF!+#REF!+#REF! -> #REF! | D14: =#REF!+#REF!+#REF!+#REF!+#REF!+#REF!+#REF!+#REF!+'Адыр ош'!D14+#REF!+#REF!+#REF!+#REF!+#REF!+#REF!+#REF!+#REF!+#REF!+#REF!+#REF!+#REF!+#REF!+#REF!+#REF!+#REF!+#REF!+#REF!+#REF!+#REF!+#REF!+#REF!+#REF!+#REF!+#REF!+#REF!+#REF! -> #REF! | E14: =#REF!+#REF!+#REF!+#REF!+#REF!+#REF!+#REF!+#REF!+'Адыр ош'!E14+#REF!+#REF!+#REF!+#REF!+#REF!+#REF!+#REF!+#REF!+#REF!+#REF!+#REF!+#REF!+#REF!+#REF!+#REF!+#REF!+#REF!+#REF!+#REF!+#REF!+#REF!+#REF!+#REF!+#REF! -> #REF!
A15: 3. Фонд заработной платы | B15: тыс. тенге | C15: =#REF!+#REF!+#REF!+#REF!+#REF!+#REF!+#REF!+#REF!+'Адыр ош'!C15+#REF!+#REF!+#REF!+#REF!+#REF!+#REF!+#REF!+#REF!+#REF!+#REF!+#REF!+#REF!+#REF!+#REF!+#REF!+#REF!+#REF!+#REF!+#REF!+#REF!+#REF!+#REF!+#REF!+#REF!+#REF!+#REF!+#REF! -> #REF! | D15: =#REF!+#REF!+#REF!+#REF!+#REF!+#REF!+#REF!+#REF!+'Адыр ош'!D15+#REF!+#REF!+#REF!+#REF!+#REF!+#REF!+#REF!+#REF!+#REF!+#REF!+#REF!+#REF!+#REF!+#REF!+#REF!+#REF!+#REF!+#REF!+#REF!+#REF!+#REF!+#REF!+#REF!+#REF!+#REF!+#REF!+#REF! -> #REF! | E15: =#REF!+#REF!+#REF!+#REF!+#REF!+#REF!+#REF!+#REF!+'Адыр ош'!E15+#REF!+#REF!+#REF!+#REF!+#REF!+#REF!+#REF!+#REF!+#REF!+#REF!+#REF!+#REF!+#REF!+#REF!+#REF!+#REF!+#REF!+#REF!+#REF!+#REF!+#REF!+#REF!+#REF!+#REF! -> #REF!
A16: из них: | C16: =#REF!+#REF!+#REF!+#REF!+#REF!+#REF!+#REF!+#REF!+'Адыр ош'!C16+#REF!+#REF!+#REF!+#REF!+#REF!+#REF!+#REF!+#REF!+#REF!+#REF!+#REF!+#REF!+#REF!+#REF!+#REF!+#REF!+#REF!+#REF!+#REF!+#REF!+#REF!+#REF!+#REF!+#REF!+#REF!+#REF!+#REF! -> #REF! | D16: =#REF!+#REF!+#REF!+#REF!+#REF!+#REF!+#REF!+#REF!+'Адыр ош'!D16+#REF!+#REF!+#REF!+#REF!+#REF!+#REF!+#REF!+#REF!+#REF!+#REF!+#REF!+#REF!+#REF!+#REF!+#REF!+#REF!+#REF!+#REF!+#REF!+#REF!+#REF!+#REF!+#REF!+#REF!+#REF!+#REF!+#REF! -> #REF! | E16: =#REF!+#REF!+#REF!+#REF!+#REF!+#REF!+#REF!+#REF!+'Адыр ош'!E16+#REF!+#REF!+#REF!+#REF!+#REF!+#REF!+#REF!+#REF!+#REF!+#REF!+#REF!+#REF!+#REF!+#REF!+#REF!+#REF!+#REF!+#REF!+#REF!+#REF!+#REF!+#REF!+#REF!+#REF! -> #REF!
A17: 3.1. Адмиистративный персонал | B17: тыс. тенге | C17: =#REF!+#REF!+#REF!+#REF!+#REF!+#REF!+#REF!+#REF!+'Адыр ош'!C17+#REF!+#REF!+#REF!+#REF!+#REF!+#REF!+#REF!+#REF!+#REF!+#REF!+#REF!+#REF!+#REF!+#REF!+#REF!+#REF!+#REF!+#REF!+#REF!+#REF!+#REF!+#REF!+#REF!+#REF!+#REF!+#REF!+#REF! -> #REF! | D17: =#REF!+#REF!+#REF!+#REF!+#REF!+#REF!+#REF!+#REF!+'Адыр ош'!D17+#REF!+#REF!+#REF!+#REF!+#REF!+#REF!+#REF!+#REF!+#REF!+#REF!+#REF!+#REF!+#REF!+#REF!+#REF!+#REF!+#REF!+#REF!+#REF!+#REF!+#REF!+#REF!+#REF!+#REF!+#REF!+#REF!+#REF! -> #REF! | E17: =#REF!+#REF!+#REF!+#REF!+#REF!+#REF!+#REF!+#REF!+'Адыр ош'!E17+#REF!+#REF!+#REF!+#REF!+#REF!+#REF!+#REF!+#REF!+#REF!+#REF!+#REF!+#REF!+#REF!+#REF!+#REF!+#REF!+#REF!+#REF!+#REF!+#REF!+#REF!+#REF!+#REF!+#REF! -> #REF!
A18: штатная численность | B18: единиц | C18: =#REF!+#REF!+#REF!+#REF!+#REF!+#REF!+#REF!+#REF!+'Адыр ош'!C18+#REF!+#REF!+#REF!+#REF!+#REF!+#REF!+#REF!+#REF!+#REF!+#REF!+#REF!+#REF!+#REF!+#REF!+#REF!+#REF!+#REF!+#REF!+#REF!+#REF!+#REF!+#REF!+#REF!+#REF!+#REF!+#REF!+#REF! -> #REF! | D18: =#REF!+#REF!+#REF!+#REF!+#REF!+#REF!+#REF!+#REF!+'Адыр ош'!D18+#REF!+#REF!+#REF!+#REF!+#REF!+#REF!+#REF!+#REF!+#REF!+#REF!+#REF!+#REF!+#REF!+#REF!+#REF!+#REF!+#REF!+#REF!+#REF!+#REF!+#REF!+#REF!+#REF!+#REF!+#REF!+#REF!+#REF! -> #REF! | E18: =#REF!+#REF!+#REF!+#REF!+#REF!+#REF!+#REF!+#REF!+'Адыр ош'!E18+#REF!+#REF!+#REF!+#REF!+#REF!+#REF!+#REF!+#REF!+#REF!+#REF!+#REF!+#REF!+#REF!+#REF!+#REF!+#REF!+#REF!+#REF!+#REF!+#REF!+#REF!+#REF!+#REF!+#REF! -> #REF!
A19: среднемесячная заработная плата 1 ед. | B19: тенге | C19: =#REF!+#REF!+#REF!+#REF!+#REF!+#REF!+#REF!+#REF!+'Адыр ош'!C19+#REF!+#REF!+#REF!+#REF!+#REF!+#REF!+#REF!+#REF!+#REF!+#REF!+#REF!+#REF!+#REF!+#REF!+#REF!+#REF!+#REF!+#REF!+#REF!+#REF!+#REF!+#REF!+#REF!+#REF!+#REF!+#REF!+#REF! -> #REF! | D19: =#REF!+#REF!+#REF!+#REF!+#REF!+#REF!+#REF!+#REF!+'Адыр ош'!D19+#REF!+#REF!+#REF!+#REF!+#REF!+#REF!+#REF!+#REF!+#REF!+#REF!+#REF!+#REF!+#REF!+#REF!+#REF!+#REF!+#REF!+#REF!+#REF!+#REF!+#REF!+#REF!+#REF!+#REF!+#REF!+#REF!+#REF! -> #REF! | E19: =#REF!+#REF!+#REF!+#REF!+#REF!+#REF!+#REF!+#REF!+'Адыр ош'!E19+#REF!+#REF!+#REF!+#REF!+#REF!+#REF!+#REF!+#REF!+#REF!+#REF!+#REF!+#REF!+#REF!+#REF!+#REF!+#REF!+#REF!+#REF!+#REF!+#REF!+#REF!+#REF!+#REF!+#REF! -> #REF!
A20: 3.2. Основной пересонал - учителя | B20: тыс. тенге | C20: =#REF!+#REF!+#REF!+#REF!+#REF!+#REF!+#REF!+#REF!+'Адыр ош'!C20+#REF!+#REF!+#REF!+#REF!+#REF!+#REF!+#REF!+#REF!+#REF!+#REF!+#REF!+#REF!+#REF!+#REF!+#REF!+#REF!+#REF!+#REF!+#REF!+#REF!+#REF!+#REF!+#REF!+#REF!+#REF!+#REF!+#REF! -> #REF! | D20: =#REF!+#REF!+#REF!+#REF!+#REF!+#REF!+#REF!+#REF!+'Адыр ош'!D20+#REF!+#REF!+#REF!+#REF!+#REF!+#REF!+#REF!+#REF!+#REF!+#REF!+#REF!+#REF!+#REF!+#REF!+#REF!+#REF!+#REF!+#REF!+#REF!+#REF!+#REF!+#REF!+#REF!+#REF!+#REF!+#REF!+#REF! -> #REF! | E20: =#REF!+#REF!+#REF!+#REF!+#REF!+#REF!+#REF!+#REF!+'Адыр ош'!E20+#REF!+#REF!+#REF!+#REF!+#REF!+#REF!+#REF!+#REF!+#REF!+#REF!+#REF!+#REF!+#REF!+#REF!+#REF!+#REF!+#REF!+#REF!+#REF!+#REF!+#REF!+#REF!+#REF!+#REF! -> #REF!
A21: штатная численность | B21: единиц | C21: =#REF!+#REF!+#REF!+#REF!+#REF!+#REF!+#REF!+#REF!+'Адыр ош'!C21+#REF!+#REF!+#REF!+#REF!+#REF!+#REF!+#REF!+#REF!+#REF!+#REF!+#REF!+#REF!+#REF!+#REF!+#REF!+#REF!+#REF!+#REF!+#REF!+#REF!+#REF!+#REF!+#REF!+#REF!+#REF!+#REF!+#REF! -> #REF! | D21: =#REF!+#REF!+#REF!+#REF!+#REF!+#REF!+#REF!+#REF!+'Адыр ош'!D21+#REF!+#REF!+#REF!+#REF!+#REF!+#REF!+#REF!+#REF!+#REF!+#REF!+#REF!+#REF!+#REF!+#REF!+#REF!+#REF!+#REF!+#REF!+#REF!+#REF!+#REF!+#REF!+#REF!+#REF!+#REF!+#REF!+#REF! -> #REF! | E21: =#REF!+#REF!+#REF!+#REF!+#REF!+#REF!+#REF!+#REF!+'Адыр ош'!E21+#REF!+#REF!+#REF!+#REF!+#REF!+#REF!+#REF!+#REF!+#REF!+#REF!+#REF!+#REF!+#REF!+#REF!+#REF!+#REF!+#REF!+#REF!+#REF!+#REF!+#REF!+#REF!+#REF!+#REF! -> #REF!
A22: среднемесячная заработная плата 1 ед. | B22: тенге | C22: =#REF!+#REF!+#REF!+#REF!+#REF!+#REF!+#REF!+#REF!+'Адыр ош'!C22+#REF!+#REF!+#REF!+#REF!+#REF!+#REF!+#REF!+#REF!+#REF!+#REF!+#REF!+#REF!+#REF!+#REF!+#REF!+#REF!+#REF!+#REF!+#REF!+#REF!+#REF!+#REF!+#REF!+#REF!+#REF!+#REF!+#REF! -> #REF! | D22: =#REF!+#REF!+#REF!+#REF!+#REF!+#REF!+#REF!+#REF!+'Адыр ош'!D22+#REF!+#REF!+#REF!+#REF!+#REF!+#REF!+#REF!+#REF!+#REF!+#REF!+#REF!+#REF!+#REF!+#REF!+#REF!+#REF!+#REF!+#REF!+#REF!+#REF!+#REF!+#REF!+#REF!+#REF!+#REF!+#REF!+#REF! -> #REF! | E22: =#REF!+#REF!+#REF!+#REF!+#REF!+#REF!+#REF!+#REF!+'Адыр ош'!E22+#REF!+#REF!+#REF!+#REF!+#REF!+#REF!+#REF!+#REF!+#REF!+#REF!+#REF!+#REF!+#REF!+#REF!+#REF!+#REF!+#REF!+#REF!+#REF!+#REF!+#REF!+#REF!+#REF!+#REF! -> #REF!
A23: 3.3. Прочий педагогический персонал (педагог-психолог, социальный педагог, вожатый и др.) | B23: тыс. тенге | C23: =#REF!+#REF!+#REF!+#REF!+#REF!+#REF!+#REF!+#REF!+'Адыр ош'!C23+#REF!+#REF!+#REF!+#REF!+#REF!+#REF!+#REF!+#REF!+#REF!+#REF!+#REF!+#REF!+#REF!+#REF!+#REF!+#REF!+#REF!+#REF!+#REF!+#REF!+#REF!+#REF!+#REF!+#REF!+#REF!+#REF!+#REF! -> #REF! | D23: =#REF!+#REF!+#REF!+#REF!+#REF!+#REF!+#REF!+#REF!+'Адыр ош'!D23+#REF!+#REF!+#REF!+#REF!+#REF!+#REF!+#REF!+#REF!+#REF!+#REF!+#REF!+#REF!+#REF!+#REF!+#REF!+#REF!+#REF!+#REF!+#REF!+#REF!+#REF!+#REF!+#REF!+#REF!+#REF!+#REF!+#REF! -> #REF! | E23: =#REF!+#REF!+#REF!+#REF!+#REF!+#REF!+#REF!+#REF!+'Адыр ош'!E23+#REF!+#REF!+#REF!+#REF!+#REF!+#REF!+#REF!+#REF!+#REF!+#REF!+#REF!+#REF!+#REF!+#REF!+#REF!+#REF!+#REF!+#REF!+#REF!+#REF!+#REF!+#REF!+#REF!+#REF! -> #REF!
A24: штатная численность | B24: единиц | C24: =#REF!+#REF!+#REF!+#REF!+#REF!+#REF!+#REF!+#REF!+'Адыр ош'!C24+#REF!+#REF!+#REF!+#REF!+#REF!+#REF!+#REF!+#REF!+#REF!+#REF!+#REF!+#REF!+#REF!+#REF!+#REF!+#REF!+#REF!+#REF!+#REF!+#REF!+#REF!+#REF!+#REF!+#REF!+#REF!+#REF!+#REF! -> #REF! | D24: =#REF!+#REF!+#REF!+#REF!+#REF!+#REF!+#REF!+#REF!+'Адыр ош'!D24+#REF!+#REF!+#REF!+#REF!+#REF!+#REF!+#REF!+#REF!+#REF!+#REF!+#REF!+#REF!+#REF!+#REF!+#REF!+#REF!+#REF!+#REF!+#REF!+#REF!+#REF!+#REF!+#REF!+#REF!+#REF!+#REF!+#REF! -> #REF! | E24: =#REF!+#REF!+#REF!+#REF!+#REF!+#REF!+#REF!+#REF!+'Адыр ош'!E24+#REF!+#REF!+#REF!+#REF!+#REF!+#REF!+#REF!+#REF!+#REF!+#REF!+#REF!+#REF!+#REF!+#REF!+#REF!+#REF!+#REF!+#REF!+#REF!+#REF!+#REF!+#REF!+#REF!+#REF! -> #REF!
A25: среднемесячная заработная плата 1 ед. | B25: тенге | C25: =#REF!+#REF!+#REF!+#REF!+#REF!+#REF!+#REF!+#REF!+'Адыр ош'!C25+#REF!+#REF!+#REF!+#REF!+#REF!+#REF!+#REF!+#REF!+#REF!+#REF!+#REF!+#REF!+#REF!+#REF!+#REF!+#REF!+#REF!+#REF!+#REF!+#REF!+#REF!+#REF!+#REF!+#REF!+#REF!+#REF!+#REF! -> #REF! | D25: =#REF!+#REF!+#REF!+#REF!+#REF!+#REF!+#REF!+#REF!+'Адыр ош'!D25+#REF!+#REF!+#REF!+#REF!+#REF!+#REF!+#REF!+#REF!+#REF!+#REF!+#REF!+#REF!+#REF!+#REF!+#REF!+#REF!+#REF!+#REF!+#REF!+#REF!+#REF!+#REF!+#REF!+#REF!+#REF!+#REF!+#REF! -> #REF! | E25: =#REF!+#REF!+#REF!+#REF!+#REF!+#REF!+#REF!+#REF!+'Адыр ош'!E25+#REF!+#REF!+#REF!+#REF!+#REF!+#REF!+#REF!+#REF!+#REF!+#REF!+#REF!+#REF!+#REF!+#REF!+#REF!+#REF!+#REF!+#REF!+#REF!+#REF!+#REF!+#REF!+#REF!+#REF! -> #REF!
A26: 3.4. Вспомогательный и технический персонал | B26: тыс. тенге | C26: =#REF!+#REF!+#REF!+#REF!+#REF!+#REF!+#REF!+#REF!+'Адыр ош'!C26+#REF!+#REF!+#REF!+#REF!+#REF!+#REF!+#REF!+#REF!+#REF!+#REF!+#REF!+#REF!+#REF!+#REF!+#REF!+#REF!+#REF!+#REF!+#REF!+#REF!+#REF!+#REF!+#REF!+#REF!+#REF!+#REF!+#REF! -> #REF! | D26: =#REF!+#REF!+#REF!+#REF!+#REF!+#REF!+#REF!+#REF!+'Адыр ош'!D26+#REF!+#REF!+#REF!+#REF!+#REF!+#REF!+#REF!+#REF!+#REF!+#REF!+#REF!+#REF!+#REF!+#REF!+#REF!+#REF!+#REF!+#REF!+#REF!+#REF!+#REF!+#REF!+#REF!+#REF!+#REF!+#REF!+#REF! -> #REF! | E26: =#REF!+#REF!+#REF!+#REF!+#REF!+#REF!+#REF!+#REF!+'Адыр ош'!E26+#REF!+#REF!+#REF!+#REF!+#REF!+#REF!+#REF!+#REF!+#REF!+#REF!+#REF!+#REF!+#REF!+#REF!+#REF!+#REF!+#REF!+#REF!+#REF!+#REF!+#REF!+#REF!+#REF!+#REF! -> #REF!
A27: штатная численность | B27: единиц | C27: =#REF!+#REF!+#REF!+#REF!+#REF!+#REF!+#REF!+#REF!+'Адыр ош'!C27+#REF!+#REF!+#REF!+#REF!+#REF!+#REF!+#REF!+#REF!+#REF!+#REF!+#REF!+#REF!+#REF!+#REF!+#REF!+#REF!+#REF!+#REF!+#REF!+#REF!+#REF!+#REF!+#REF!+#REF!+#REF!+#REF!+#REF! -> #REF! | D27: =#REF!+#REF!+#REF!+#REF!+#REF!+#REF!+#REF!+#REF!+'Адыр ош'!D27+#REF!+#REF!+#REF!+#REF!+#REF!+#REF!+#REF!+#REF!+#REF!+#REF!+#REF!+#REF!+#REF!+#REF!+#REF!+#REF!+#REF!+#REF!+#REF!+#REF!+#REF!+#REF!+#REF!+#REF!+#REF!+#REF!+#REF! -> #REF! | E27: =#REF!+#REF!+#REF!+#REF!+#REF!+#REF!+#REF!+#REF!+'Адыр ош'!E27+#REF!+#REF!+#REF!+#REF!+#REF!+#REF!+#REF!+#REF!+#REF!+#REF!+#REF!+#REF!+#REF!+#REF!+#REF!+#REF!+#REF!+#REF!+#REF!+#REF!+#REF!+#REF!+#REF!+#REF! -> #REF!
A28: среднемесячная заработная плата 1 ед. | B28: тенге | C28: =#REF!+#REF!+#REF!+#REF!+#REF!+#REF!+#REF!+#REF!+'Адыр ош'!C28+#REF!+#REF!+#REF!+#REF!+#REF!+#REF!+#REF!+#REF!+#REF!+#REF!+#REF!+#REF!+#REF!+#REF!+#REF!+#REF!+#REF!+#REF!+#REF!+#REF!+#REF!+#REF!+#REF!+#REF!+#REF!+#REF!+#REF! -> #REF! | D28: =#REF!+#REF!+#REF!+#REF!+#REF!+#REF!+#REF!+#REF!+'Адыр ош'!D28+#REF!+#REF!+#REF!+#REF!+#REF!+#REF!+#REF!+#REF!+#REF!+#REF!+#REF!+#REF!+#REF!+#REF!+#REF!+#REF!+#REF!+#REF!+#REF!+#REF!+#REF!+#REF!+#REF!+#REF!+#REF!+#REF!+#REF! -> #REF! | E28: =#REF!+#REF!+#REF!+#REF!+#REF!+#REF!+#REF!+#REF!+'Адыр ош'!E28+#REF!+#REF!+#REF!+#REF!+#REF!+#REF!+#REF!+#REF!+#REF!+#REF!+#REF!+#REF!+#REF!+#REF!+#REF!+#REF!+#REF!+#REF!+#REF!+#REF!+#REF!+#REF!+#REF!+#REF! -> #REF!
... A33: 6. Прочие расходы (приобретение литературы, канцелярских и хозяйственных товаров и др.) | B33: тыс. тенге | C33: =#REF!+#REF!+#REF!+#REF!+#REF!+#REF!+#REF!+#REF!+'Адыр ош'!C33+#REF!+#REF!+#REF!+#REF!+#REF!+#REF!+#REF!+#REF!+#REF!+#REF!+#REF!+#REF!+#REF!+#REF!+#REF!+#REF!+#REF!+#REF!+#REF!+#REF!+#REF!+#REF!+#REF!+#REF!+#REF!+#REF!+#REF! -> #REF! | D33: =#REF!+#REF!+#REF!+#REF!+#REF!+#REF!+#REF!+#REF!+'Адыр ош'!D33+#REF!+#REF!+#REF!+#REF!+#REF!+#REF!+#REF!+#REF!+#REF!+#REF!+#REF!+#REF!+#REF!+#REF!+#REF!+#REF!+#REF!+#REF!+#REF!+#REF!+#REF!+#REF!+#REF!+#REF!+#REF!+#REF!+#REF! -> #REF! | E33: =#REF!+#REF!+#REF!+#REF!+#REF!+#REF!+#REF!+#REF!+'Адыр ош'!E33+#REF!+#REF!+#REF!+#REF!+#REF!+#REF!+#REF!+#REF!+#REF!+#REF!+#REF!+#REF!+#REF!+#REF!+#REF!+#REF!+#REF!+#REF!+#REF!+#REF!+#REF!+#REF!+#REF!+#REF! -> #REF!
A35: Руководитель ГУ «Отдел образования
A36: Атбасарского района» Н. Наймушина
A39: исп Д.К. Тынбаева
A40: тел 2-55-09

Sheet Адыр ош
A1: Основные показатели финансовой деятельности организации образования
A2: по состоянию на "1"апреля 2020 г.
A4: КГУ "Адырская основная школа отдела образования Атбасарского района отдела образования Атбасарского района""
A5: (наименование организации образования)
A7: Периодичность: ежеквартально
A9: Среднее образование | B9: ед. изм. | C9: 2020 год
C10: годовой план | D10: план на 2020 г | E10: факт
A11: 1. Среднегодовой контингент обучающиеся | B11: чел. | C11: 67 | D11: 67 | E11: 67
A12: средний расход на 1-го обучающегося | B12: тыс. тенге | C12: =(C13-C32)/C11 -> 614.89701 | D12: =(D13-D32)/D11 -> 153.30933 | E12: =(E13-E32)/E11 -> 190.98358
A13: 2. Всего расходы, тыс.тенге | B13: тыс. тенге | C13: =C15+C29+C30+C31+C32+C33 -> 41309.3 | D13: =D15+D29+D30+D31+D33 -> 10299.525 | E13: =E15+E29+E30+E31+E32+E33 -> 12839.8
A14: в том числе: | C14: 0 | D14: =C14 -> 0 | E14: 0
A15: 3. Фонд заработной платы | B15: тыс. тенге | C15: =C17+C20+C23+C26 -> 32606.3 | D15: =D17+D20+D23+D26 -> 8151.575 | E15: =E17+E20+E23+E26 -> 8378.9
A16: из них: | C16: 0 | D16: =C16 -> 0 | E16: 0
A17: 3.1. Административный персонал | B17: тыс. тенге | C17: 2992.7 | D17: =C17/4 -> 748.175 | E17: 730
A18: штатная численность | B18: единиц | C18: 2 | D18: =C18 -> 2 | E18: 2
A19: среднемесячная заработная плата 1 ед. | B19: тенге | C19: =C17/C18/12*1000+200 -> 124895.83 | D19: =D17*1000/3/D18 -> 124695.83 | E19: =E17*1000/3/E18 -> 121666.67
A20: 3.2. Основной персонал - учителя | B20: тыс. тенге | C20: 20998.4 | D20: =C20/4 -> 5249.6 | E20: 5358.3
A21: штатная численность | B21: единиц | C21: 16.7 | D21: =C21 -> 16.7 | E21: 16.7
A22: среднемесячная заработная плата 1 ед. | B22: тенге | C22: =C20/12/C21*1000 -> 104782.44 | D22: =D20*1000/3/D21 -> 104782.44 | E22: =E20*1000/3/E21 -> 106952.1
A23: 3.3. Прочий педагогический персонал (педагог-психолог, социальный педагог, вожатый и др.) | B23: тыс. тенге | C23: 1783.4 | D23: =C23/4 -> 445.85 | E23: 459.7
A24: штатная численность | B24: единиц | C24: 2.5 | D24: =C24 -> 2.5 | E24: 2.5
A25: среднемесячная заработная плата 1 ед. | B25: тенге | C25: =C23/C24/12*1000 -> 59446.667 | D25: =D23*1000/3/D24 -> 59446.667 | E25: =E23*1000/3/E24 -> 61293.333
A26: 3.4. Вспомогательный и технический персонал | B26: тыс. тенге | C26: 6831.8 | D26: =C26/4 -> 1707.95 | E26: 1830.9
A27: штатная численность | B27: единиц | C27: 11.8 | D27: =C27 -> 11.8 | E27: 11
A28: среднемесячная заработная плата 1 ед. | B28: тенге | C28: =C26/12/C27*1000 -> 48247.175 | D28: =D26*1000/3/D27 -> 48247.175 | E28: =E26*1000/3/E27 -> 55481.818
A29: 2. Налоги и другие обязательные платежи в бюджет | B29: тыс. тенге | C29: 2948 | D29: =C29/4 -> 737 | E29: 769.1
A30: 3. Коммунальные расходы (свет, вода, отопление, связь,интернет, ареднда помещений и др.) | B30: тыс. тенге | C30: 3751 | D30: =C30/4 -> 937.75 | E30: 2206.9
A31: 4. Текущий ремонт помещений и оборудования | B31: тыс. тенге | C31: 0 | D31: =C31/4 -> 0 | E31: 0
A32: 5. Капитальные расходы (капительный ремонт, приобретение основных средств) | B32: тыс. тенге | C32: 111.2 | D32: =C32/4 -> 27.8 | E32: 43.9
A33: 6. Прочие расходы (приобретение литературы, канцелярских и хозяйственных товаров и др.) | B33: тыс. тенге | C33: =671.3+1221.5 -> 1892.8 | D33: =C33/4 -> 473.2 | E33: 1441
A35: Руководитель ГУ «Отдел образования
A36: Атбасарского района» Н. Наймушина
A39: исп Бирюкова С.
A40: тел 24009
